 Dungeon Crawl Stone Soup version 0.30-a0-879-ga8ba668 (webtiles) character file.

Game seed: 12123734505832744981

114 Illumine the Magician (level 4, -5/25 (32) HPs)
             Began as a Gnoll Hedge Wizard on Mar 13, 2023.
             Slain by an orc
             ... wielding a +0 war axe
              (8 damage)
             ... on level 3 of the Dungeon.
             The game lasted 00:06:16 (3719 turns).

Illumine the Magician (Gnoll Hedge Wizard)          Turns: 3719, Time: 00:06:17

HP:   -5/25 (32)    AC:  3    Str: 10    XL:     4   Next: 97%
MP:   12/13         EV: 13    Int: 15    God:
Gold: 172           SH:  0    Dex: 11    Spells: 7/17 levels left

rFire   . . .      SeeInvis .    e - staff of poison
rCold   . . .      Faith    .    (no shield)
rNeg    + . .      Spirit   .    p - +1 robe {rN+}
rPois   +          Reflect  .    c - +0 hat
rElec   .          Rampage  .    (no cloak)
rCorr   .                        (no gloves)
Will    .....                    (no boots)
Stlth   ++                       g - amulet of magic regeneration
HPRegen 0.24/turn                (no ring)
MPRegen 0.53/turn                (no ring)

@: heavily drained
A: fangs 1, strong nose, distributed training
a: no special abilities


You were on level 3 of the Dungeon.
You visited 1 branch of the dungeon, and saw 4 of its levels.

You collected 245 gold pieces.
You spent 73 gold pieces at shops.

Inventory:

Hand Weapons
 a - a +0 dagger
Armour
 c - a +0 hat (worn)
 p - a +1 robe of positive energy (worn)
Magical Staves
 e - a staff of poison (weapon)
Jewellery
 g - an amulet of magic regeneration (around neck)
Wands
 n - a wand of flame (17)
Scrolls
 f - a scroll of silence
 h - 4 scrolls of fog
 i - 7 scrolls of teleportation
 j - 2 scrolls of immolation
Potions
 b - a potion of resistance {unknown}
 d - a potion of magic
 k - a potion of invisibility
 l - 3 potions of curing
 m - a potion of flight
 o - a potion of attraction
 q - a potion of lignification {unknown}


   Skills:
 + Level 1.3 Fighting
 + Level 1.3 Short Blades
 + Level 1.3 Long Blades
 + Level 1.3 Axes
 + Level 1.3 Maces & Flails
 + Level 1.3 Polearms
 + Level 1.3 Staves
 + Level 1.3 Ranged Weapons
 + Level 1.3 Throwing
 + Level 1.3 Armour
 + Level 4.7 Dodging
 + Level 4.3 Stealth
 + Level 1.3 Shields
 + Level 1.3 Unarmed Combat
 + Level 7.2 Spellcasting
 + Level 2.3 Conjurations
 + Level 1.1 Hexes
 + Level 2.3 Summonings
 + Level 1.1 Necromancy
 + Level 2.3 Translocations
 + Level 1.1 Transmutations
 + Level 1.1 Fire Magic
 + Level 1.1 Ice Magic
 + Level 1.1 Air Magic
 + Level 1.1 Earth Magic
 + Level 1.1 Poison Magic
 + Level 1.5 Invocations
 + Level 1.3 Evocations


You had 7 spell levels left.
You knew the following spells:

 Your Spells              Type           Power      Damage    Failure   Level
a - Magic Dart            Conj           48%        1d5       4%          1
b - Call Imp              Summ           12%        N/A       8%          2
c - Blink                 Tloc           24%        N/A       8%          2
d - Cigotuvi's Dreadful   Necr/Pois/Air  26%        N/A       12%         2
e - Mephitic Cloud        Conj/Pois/Air  15%        N/A       21%         3

Your spell library contained the following spells:

 Spells                   Type           Power      Damage    Failure   Level
 Kiss of Death            Conj/Necr      40%        2d8       6%          1
 Lesser Beckoning         Tloc           24%        N/A       8%          2
 Beastly Appendage        Tmut           16%        N/A       9%          1
 Slow                     Hex            32%        N/A       9%          1
 Wereblood                Tmut           8%         N/A       12%         2
 Gell's Gravitas          Tloc           12%        N/A       14%         3
 Teleport Other           Tloc           12%        N/A       14%         3
 Confusing Touch          Hex            8%         N/A       24%         3
 Spider Form              Tmut/Pois      13%        N/A       24%         3
 Anguish                  Hex/Necr       4%         N/A       63%         4
 Dispel Undead            Necr           8%         3d8       63%         4


Dungeon Overview and Level Annotations

Branches:
Dungeon (4/15)
 Temple: D:4-7

Altars:
Fedhas
Qazlal

Shops:
D:4 *

Annotations:
D:3 Sigmund


Innate Abilities, Weirdness & Mutations

You have very sharp teeth.
Your uncanny sense of smell can sniff out nearby items.
Your experience applies equally to all skills.


Message History

You hit the orc but do no damage.
You envenom the orc.
The orc is poisoned.
You bite the orc, but do no damage.
The orc is heavily wounded.
The orc closely misses you.
The orc hits your crimson imp with a +0 war axe.
Your crimson imp completely misses the orc.
You hit the orc but do no damage.
The orc is heavily wounded.
The orc closely misses you.
The orc closely misses your crimson imp.
Your crimson imp hits the orc but does no damage.
You barely miss the orc. You bite the orc, but do no damage.
The orc is heavily wounded.
The orc hits you with a +0 war axe.
The orc hits your crimson imp with a +0 war axe.
Your crimson imp hits the orc but does no damage.
The orc hits you with a +0 war axe!
* * * LOW HITPOINT WARNING * * *
The orc barely misses your crimson imp. The orc attacks as you move away!
The orc misses you. The orc barely misses your crimson imp.
Your crimson imp hits the orc but does no damage.
Casting: Magic Dart (safe; 4% risk of failure)
Confirm with . or Enter, or press ? or * to list all spells.
Aiming: Magic Dart (safe; 4% risk of failure)
Press: ? - help, Shift-Dir - straight line, f/p - orc
Aim: an orc, wielding a +0 war axe and wearing the +0 chain mail of Parlour Games {-Cast Fly Str-3 Dex+5} (severely wounded, poisoned, ally target, 100% to hit)
The magic dart hits the orc but does no damage.
The orc is severely wounded.
The orc barely misses you. The orc misses your crimson imp.
Casting: Magic Dart (safe; 4% risk of failure)
Confirm with . or Enter, or press ? or * to list all spells.
Aiming: Magic Dart (safe; 4% risk of failure)
Press: ? - help, Shift-Dir - straight line, f/p - orc
Aim: an orc, wielding a +0 war axe and wearing the +0 chain mail of Parlour Games {-Cast Fly Str-3 Dex+5} (severely wounded, poisoned, ally target, 100% to hit)
The magic dart hits the orc but does no damage.
The orc is severely wounded.
Your crimson imp completely misses the orc.
The orc hits you with a +0 war axe!
You die...

######### #.......#
####.......#############
...........'.(..@o5>...#
####.......########.##.#
#.......# #.# #.......#
#.# #.......# #.#
#.......# #.# #.......#
#.# ######### ...


You could see an orc (poisoned, ally target) and a friendly crimson imp
(summoned).

Vanquished Creatures
  Jessica (D:2)
  An adder (D:4)
  A worm (D:2)
  3 dart slugs
  An orc (D:4)
  2 ball pythons
  7 bats
  2 endoplasms
  2 giant cockroaches (D:2)
  4 goblins
  5 jackals
  3 kobolds
  7 frilled lizards
  3 rats (D:1)
42 creatures vanquished.

Vanquished Creatures (collateral kills)
  An adder (D:2)
  A worm (D:2)
  An endoplasm (D:1)
  8 jackals
11 creatures vanquished.

Vanquished Creatures (others)
  2 plants (D:4)
2 creatures vanquished.

Grand Total: 55 creatures vanquished

Notes
Turn   | Place    | Note
-------+----------+-------------------------------------------
     0 | D:1      | Illumine the Gnoll Hedge Wizard began the quest for the
                  | Orb.
     0 | D:1      | Reached XP level 1. HP: 13/13 MP: 8/8
   101 | D:1      | Found a faded altar of an unknown god.
   157 | D:1      | Reached XP level 2. HP: 15/19 MP: 1/10
   243 | D:1      | Learned a level 2 spell: Blink
   246 | D:1      | Learned a level 2 spell: Call Imp
   267 | D:1      | Learned a level 2 spell: Cigotuvi's Dreadful Rot
   984 | D:1      | Reached XP level 3. HP: 25/25 MP: 4/11
  1616 | D:2      | Reached skill level 1 in Invocations
  1876 | D:2      | Reached skill level 1 in Fighting
  1876 | D:2      | Reached skill level 1 in Short Blades
  1876 | D:2      | Reached skill level 1 in Long Blades
  1876 | D:2      | Reached skill level 1 in Axes
  1876 | D:2      | Reached skill level 1 in Maces & Flails
  1876 | D:2      | Reached skill level 1 in Polearms
  1876 | D:2      | Reached skill level 1 in Staves
  1876 | D:2      | Reached skill level 1 in Ranged Weapons
  1876 | D:2      | Reached skill level 1 in Throwing
  1876 | D:2      | Reached skill level 1 in Armour
  1876 | D:2      | Reached skill level 1 in Shields
  1876 | D:2      | Reached skill level 1 in Unarmed Combat
  1876 | D:2      | Reached skill level 1 in Evocations
  1942 | D:2      | Reached XP level 4. HP: 32/32 MP: 10/13
  2094 | D:2      | Learned a level 3 spell: Mephitic Cloud
  2162 | D:2      | Noticed Jessica
  2168 | D:2      | Killed Jessica
  2169 | D:2      | Reached skill level 1 in Hexes
  2169 | D:2      | Reached skill level 1 in Necromancy
  2169 | D:2      | Reached skill level 1 in Transmutations
  2169 | D:2      | Reached skill level 1 in Fire Magic
  2169 | D:2      | Reached skill level 1 in Ice Magic
  2169 | D:2      | Reached skill level 1 in Air Magic
  2169 | D:2      | Reached skill level 1 in Earth Magic
  2169 | D:2      | Reached skill level 1 in Poison Magic
  2249 | D:2      | Got Yreif's Commentary on Productive Misery
  2621 | D:3      | Noticed Sigmund
  2930 | D:4      | Found Kexut's Specific Store.
  2943 | D:4      | Found Rotaowal's General Store.
  2947 | D:4      | Bought a scroll of identify for 20 gold pieces
  2947 | D:4      | Bought a scroll of identify for 20 gold pieces
  2959 | D:4      | Bought a potion of curing for 33 gold pieces
  3217 | D:3      | Found a blossoming altar of Fedhas.
  3218 | D:3      | Found a stormy altar of Qazlal.
  3551 | D:4      | Identified the +0 chain mail of Parlour Games {-Cast Fly
                  | Str-3 Dex+5}
  3719 | D:3      | Slain by an orc

Illustrated notes

Levels and vault maps discovered:
D:1:      mainiacjoe_arrival_reflecting_pool, layout_basic,
          hellmonk_ecumenical_altar_arch_garden, serial_forest,
          infiniplex_forest_lined_ring, infiniplex_forest_join,
          infiniplex_forest_clump_curved, infiniplex_forest_clump_curved,
          infiniplex_forest_straight_2, infiniplex_forest_lined_room_,
          infiniplex_forest_lined_corner
D:2:      layout_loops_corners, uniq_jessica
D:3:      layout_basic, grunt_temple_overflow_forces_of_nature, uniq_natasha,
          uniq_sigmund
D:4:      layout_loops_ring, chequers_temple_overflow_statue_of_worship,
          serial_forest, infiniplex_forest_clump_curved,
          infiniplex_forest_corner_1, infiniplex_forest_lined_ring,
          infiniplex_forest_clump_diagonal, infiniplex_forest_lined_2,
          infiniplex_forest_end_3, infiniplex_forest_clump_double,
          nicolae_specific_store

Skill      XL: |  1  2  3  4 |
---------------+-------------+-----
Conjurations   | 2 |  2.3
Summonings     | 2 |  2.3
Translocations | 2 |  2.3
Invocations    | 1 |  1.5
Fighting       | 1 |  1.3
Short Blades   | 1 |  1.3
Long Blades    | 1 |  1.3
Axes           | 1 |  1.3
Maces & Flails | 1 |  1.3
Polearms       | 1 |  1.3
Staves         | 1 |  1.3
Ranged Weapons | 1 |  1.3
Throwing       | 1 |  1.3
Armour         | 1 |  1.3
Shields        | 1 |  1.3
Unarmed Combat | 1 |  1.3
Evocations     | 1 |  1.3
Hexes          | 1 |  1.1
Necromancy     | 1 |  1.1
Transmutations | 1 |  1.1
Fire Magic     | 1 |  1.1
Ice Magic      | 1 |  1.1
Air Magic      | 1 |  1.1
Earth Magic    | 1 |  1.1
Poison Magic   | 1 |  1.1
Dodging        | |  4.7
Stealth        | |  4.3
Spellcasting   | |  7.2

Action                     |  1- 3 |  4- 6 || total
---------------------------+-------+-------++-------
  Melee: Staff             |     1 |    14 ||    15
         Bite              |       |     3 ||     3
   Cast: Magic Dart        |    75 |    51 ||   126
         Call Imp          |     8 |     7 ||    15
         Cigotuvi's Dreadf |       |     2 ||     2
    Use: Scroll            |       |     7 ||     7
 Armour: Robe              |     5 |    12 ||    17
  Dodge: Dodged            |    10 |    33 ||    43

Table legend: (Time is in decaauts)
 A = Elapsed time spent in this place.
 B = Non-inter-level travel time spent in this place.
 C = Inter-level travel time spent in this place.
 D = Time resting spent in this place.
 E = Time spent auto-exploring this place.
 F = Levels seen in this place.
 G = Mean time per level.
                   A        B        C        D        E       F      G
               +--------+--------+--------+--------+--------+-----+--------+
         Total |   3721 |   3626 |     95 |    171 |   2872 |   4 |  930.2 |
       Dungeon |   3721 |   3626 |     95 |    171 |   2872 |   4 |  930.2 |
               +--------+--------+--------+--------+--------+-----+--------+

Top non-repeatable levels by time:
     D:1: 1294 daAuts
     D:2: 1197 daAuts
     D:3: 831 daAuts
     D:4: 397 daAuts
